 Dungeon Crawl Stone Soup version 0.23.1-37-gaa34b87b72 (webtiles) character file.

Game seed: 0

232480 Elpenore the Warrior (level 19, -17/105 HPs)
             Began as a Gargoyle Fighter on Mar 14, 2019.
             Was the Champion of Hepliaklqana.
             Demolished by a titanic slime creature (55 damage)
             ... on level 4 of the Pits of Slime on Mar 23, 2019.
             The game lasted 09:58:36 (37537 turns).

Elpenore the Warrior (Gargoyle Fighter)            Turns: 37537, Time: 09:58:36

Health: -17/105    AC: 55    Str: 18    XL:     19   Next: 8%
Magic:  23/26      EV: 10    Int: 11    God:    Hepliaklqana [******]
Gold:   2481       SH: 20    Dex: 15    Spells: 18/18 levels left

rFire    . . .     SeeInvis .   O - +9 whip (flame)
rCold    . . .     Gourm    .   z - +0 large shield
rNeg     + . .     Faith    .   G - +27 Lear's hauberk
rPois    ∞         Spirit   .   (helmet currently unavailable)
rElec    +         Reflect  .   (no cloak)
rCorr    +         Harm     .   (gloves currently unavailable)
MR       ++...                  (boots currently unavailable)
Stlth    ..........             w - amulet of regeneration
HPRegen  0.67/turn              m - +4 ring of slaying
MPRegen  0.20/turn              b - ring of resist corrosion

@: flying
A: reduced essence, big wings, hooves 1, rugged brown scales 1, blurry vision 1,
frail 1, magic resistance 1, negative energy resistance 1, electricity
resistance, weak 1, unbreathing, petrification resistance, rot immunity, AC +14
}: 2/15 runes: decaying, gossamer
a: Stop Flying, Recall Ancestor, Ancestor Identity, Transference, Idealise,
Renounce Religion


You were on level 4 of the Pits of Slime.
You worshipped Hepliaklqana.
Hepliaklqana was exalted by your worship.
You were not hungry.

You visited 7 branches of the dungeon, and saw 37 of its levels.
You also visited: Ice Cave and Volcano.

You collected 3219 gold pieces.
You spent 738 gold pieces at shops.

Inventory:

Hand Weapons
 O - a +9 whip of flaming (weapon)
Missiles
 i - 11 javelins (quivered)
Armour
 l - a +2 plate armour of fire resistance
 z - a +0 large shield (worn)
 G - the +27 Lear's hauberk (worn)
   (You found it in an ice cave)
 S - a +1 pair of gloves
Jewellery
 b - a ring of resist corrosion (right hand)
 m - a +4 ring of slaying (left hand)
 w - an amulet of regeneration (around neck)
 C - a +3 ring of strength
Wands
 j - a wand of digging (12)
 x - a wand of random effects (46)
 E - a wand of scattershot (6)
 L - a wand of iceblast (8)
 X - a wand of clouds (3)
Scrolls
 n - 17 scrolls of remove curse
 o - a scroll of blinking {unknown}
 v - 12 scrolls of teleportation
 y - a scroll of noise {unknown}
 D - a scroll of fear {unknown}
 K - 3 scrolls of magic mapping
 N - a scroll of vulnerability {unknown}
 U - a scroll of acquirement {unknown}
 V - 5 scrolls of fog {unknown}
 Y - a scroll of identify
Potions
 a - 5 potions of haste
 d - 2 potions of might
 h - 12 potions of curing
 k - 2 potions of berserk rage
 s - 2 potions of resistance
 A - 3 potions of agility
 F - a potion of invisibility {unknown}
 H - 2 potions of heal wounds
 I - a potion of cancellation {unknown}
 W - 4 potions of ambrosia
Miscellaneous
 p - a sack of spiders
 q - a phial of floods (inert)
 r - a lightning rod (4/4)
 B - a fan of gales (inert)
Comestibles
 f - 44 rations


   Skills:
 + Level 16.8 Fighting
 - Level 15.0 Maces & Flails
 + Level 6.5 Throwing
 - Level 15.0 Armour
 - Level 8.0 Dodging
 + Level 16.6 Shields
 - Level 5.0 Invocations
 - Level 10.0 Evocations


You had 18 spell levels left.
You didn't know any spells.
Your spell library contained the following spells:

 Spells                   Type           Power        Failure   Level  Hunger
 Animate Skeleton         Necr           N/A          100%        1    ##.....
 Apportation              Tloc           #.....       100%        1    ##.....
 Confusing Touch          Hex            #.....       100%        1    ##.....
 Flame Tongue             Conj/Fire      #....        100%        1    ##.....
 Infusion                 Chrm           #...         100%        1    ##.....
 Summon Small Mammal      Summ           #...         100%        1    ##.....
 Shroud of Golubria       Chrm/Tloc      #.........   100%        2    ###....
 Song of Slaying          Chrm           #.......     100%        2    ###....
 Regeneration             Chrm/Necr      #.........   100%        3    ####...
 Spectral Weapon          Hex/Chrm       #.......     100%        3    ####...
 Spider Form              Tmut/Pois      #.........   100%        3    ####...
 Summon Lightning Spire   Summ/Air       #.......     100%        4    #####..
 Bolt of Magma            Conj/Fire/Erth #.........   100%        5    ######.
 Irradiate                Conj/Tmut      #.........   100%        5    ######.
 Iskenderun's Battlesphe  Conj/Chrm      #.......     100%        5    ######.
 Silence                  Hex/Air        #.........   100%        5    ######.
 Conjure Ball Lightning   Conj/Air       #.........   100%        6    #######
 Deflect Missiles         Chrm/Air       #.........   100%        6    #######
 Tornado                  Air            #.........   100%        9    #######


Dungeon Overview and Level Annotations

Branches:
Dungeon (15/15)            Temple (1/1) D:7            Lair (6/6) D:8
  Swamp (4/4) Lair:4       Spider (4/4) Lair:4        Slime (5/5) Lair:5
    Orc (2/2) D:11            Elf (0/3) Orc:2        Vaults (0/5) D:13
 Depths (0/5) D:15

Altars:
Ashenzari
Cheibriados
Dithmenos
Elyvilon
Fedhas
Gozag
Hepliaklqana
Kikubaaqudgha
Makhleb
Nemelex Xobeh
Okawaru
Qazlal
Ru
Sif Muna
Trog
Uskayaw
Vehumet
Wu Jian
Xom
Yredelemnul
Zin
The Shining One

Shops:
D:4 *   D:12 =   D:13 (   Orc:2 *[=

Annotations:
Lair:5 exclusion: 3 oklob plants
Spider:2 Arachne, Jorgrun


Innate Abilities, Weirdness & Mutations

You are resistant to torment.
Your stone body is resilient. (AC +14)
You are immune to poison.
Your large and strong wings let you fly indefinitely.
You resist negative energy. (rN+)
You are resistant to electric shocks. (rElec)
You can survive without breathing.
You are immune to petrification.
You are immune to rotting.
Your life essence is reduced to manifest your ancestor. (-10% HP)
You have large cloven feet.
You are partially covered in rugged brown scales. (AC +1, +3% HP)
Scrolls take you a little longer to read.
You are frail. (-10% HP)
You are resistant to hostile enchantments. (MR+)
You are weak. (Str -2)


Message History

You block the slime creature's attack.
The titanic slime creature barely misses you.
You block the acid blob's attack.
You whack the titanic slime creature! You burn the titanic slime creature.
You kick the titanic slime creature!
The titanic slime creature is severely wounded.
The slime creature hits you but does no damage.
You whack the titanic slime creature! You burn the titanic slime creature.
You kick the titanic slime creature!
The titanic slime creature is severely wounded.
The acid blob spits acid at you. You block the splash of acid.
The titanic slime creature hits you!!!
Ouch! That really hurt!
* * * LOW HITPOINT WARNING * * *
A fierce wind blows from the fan.
The monsters around you are blown away!
You feel much better.
An acid blob comes into view.
You block the acid blob's attack. The titanic slime creature hits you!!!
Ouch! That really hurt!
You die...

.#.#....## .#.......#
#....... .. .........###
##..#.#.....
........#..###...... ....
.###........#......##..##
##
#....#....#.#...#......
#.....#..##.#..........
##.................#....
#.............@.....#
#.............J.J....#..
##.......#............G..
#...#.........>.....<...
##......................
##............J.....J..
#.........#........#...
........##.............
..#.## ..............


You could see 2 acid blobs, a titanic slime creature, a slime creature and an
eye of draining.

Vanquished Creatures
  A tentacled monstrosity (Swamp:2)
  5 acid blobs
  3 azure jellies
  2 thorn hunters
  2 ghost moths
  An orc warlord (Orc:2)
  5 emperor scorpions
  A very ugly thing (Swamp:2)
  2 entropy weavers
  A dire elephant (D:15)
  A great orb of eyes (Slime:1)
  An ice dragon (Lair:6)
  2 catoblepae
  20 hydras
  4 two-headed ogres
  A centaur warrior (D:14)
  7 alligators
  3 orc high priests (Orc:2)
  10 death yaks
  Sonja (D:10)
  A sun demon (Volcano)
  3 spriggan druids (Swamp:4)
  7 swamp dragons
  Pikel (D:7)
  2 lindwurms (Lair:6)
  4 orc knights (Orc:2)
  13 wolf spiders
  4 orc sorcerers
  10 orb spiders
  A wolf spider zombie (D:15)
  3 shining eyes
  An ugly thing (D:11)
  2 cyclopes (D:14)
  A manticore (D:15)
  2 elephants (Lair:4)
  2 moths of wrath (Spider:3)
  A centaur zombie (D:13)
  2 eyes of devastation
  6 black mambas
  14 spiny frogs
  An ice statue (IceCv)
  A guardian serpent (Lair:6)
  A naga mage (D:15)
  A gargoyle (D:14)
  5 torpor snails
  2 kobold demonologists (D:15)
  2 anaconda simulacra (IceCv)
  A rime drake (Lair:1)
  3 komodo dragons
  An efreet (D:15)
  6 ice devils (IceCv)
  9 demonic crawlers
  7 trolls
  17 jumping spiders
  A polar bear (Lair:6)
  9 hornets
  9 blink frogs
  Prince Ribbit (D:5)
  8 tyrant leeches
  4 bog bodies
  43 slime creatures
  6 dream sheep (Lair:5)
  7 hippogriffs
  20 tarantellas
  A dire elephant simulacrum (IceCv)
  The ghost of Descartes the Slasher, an amateur VSWr of Dithmenos (D:4)
  A spriggan (Swamp:3)
  36 redbacks
  2 shadows
  2 vampires
  2 hungry ghosts
  5 basilisks
  13 wyverns
  15 yaks
  A golden eye (Slime:1)
  Grum (D:9)
  4 vampire mosquitoes
  10 swamp worms
  A warg (Orc:1)
  10 insubstantial wisps
  6 water moccasins
  3 hydra simulacra (IceCv)
  6 porcupines
  23 orc warriors
  10 swamp drakes
  3 sky beasts
  A black bear (D:10)
  A phantom (D:10)
  A necrophage (D:12)
  5 eyes of draining
  9 wolves
  10 crocodiles
  11 ogres
  10 centaurs
  9 bullfrogs
  A gnoll sergeant (D:10)
  2 wyvern zombies
  A wyvern skeleton (D:14)
  5 scorpions
  7 killer bees
  4 wights (D:14)
  3 howler monkeys
  2 crimson imps
  2 bullfrog zombies
  2 bullfrog skeletons
  7 hounds
  5 jellies
  14 orc priests
  12 orc wizards
  Ijyb (D:3)
  A centaur skeleton (D:4)
  3 iguanas
  8 worker ants
  A killer bee zombie (D:10)
  15 gnolls
  A worker ant zombie (D:7)
  8 adders
  A shadow imp (D:9)
  An ooze (D:1)
  A worm (D:2)
  4 leopard geckos
  49 orcs
  3 ball pythons
  5 giant cockroaches
  4 goblins
  2 hobgoblins (D:1)
  17 jackals
  5 quokkas
  4 bats
  A frilled lizard (D:2)
  A jackal zombie (D:7)
  4 kobolds
  A leopard gecko skeleton (D:4)
  4 rats
  2 briar patches
  A fungus (Lair:6)
  2 plants (Lair:6)
748 creatures vanquished.

Vanquished Creatures (collateral kills)
  An Ice Fiend (IceCv)
  4 acid blobs
  Frances (Spider:1)
  3 thorn hunters
  2 azure jellies
  3 emperor scorpions
  Louise (Spider:2)
  An entropy weaver (Spider:1)
  A death ooze (Slime:2)
  2 great orbs of eyes
  2 hydras
  Erica (D:9)
  A shambling mangrove (Swamp:1)
  A centaur warrior (D:13)
  3 alligators
  A two-headed ogre (D:11)
  A death yak (Lair:3)
  An ogre mage (D:13)
  A spriggan (Swamp:3)
  2 swamp dragons
  2 orc knights
  7 orb spiders
  7 shining eyes
  An ugly thing (D:13)
  A cyclops (D:14)
  8 wolf spiders
  5 orc sorcerers
  An elephant (Lair:4)
  A centaur zombie (D:11)
  2 gargoyles (D:13)
  2 torpor snails
  5 spiny frogs
  An ice statue (IceCv)
  A centaur skeleton (D:11)
  2 ice devils (IceCv)
  A komodo dragon (Lair:4)
  An anaconda simulacrum (IceCv)
  5 demonic crawlers
  A golden dragon simulacrum (IceCv)
  5 tyrant leeches
  4 hornets
  A troll (D:12)
  11 jumping spiders
  22 slime creatures
  A hippogriff (Lair:5)
  2 bog bodies
  4 blink frogs
  16 redbacks
  5 tarantellas
  A shadow (Swamp:2)
  A wyvern (Lair:6)
  11 yaks
  4 vampire mosquitoes
  4 golden eyes
  4 insubstantial wisps
  A warg (Orc:1)
  A harpy simulacrum (IceCv)
  3 swamp worms
  4 water moccasins
  4 eyes of draining
  9 orc warriors
  8 swamp drakes
  A necrophage (D:10)
  An ettin simulacrum (IceCv)
  2 wolves
  A gnoll sergeant (D:10)
  2 bullfrogs
  2 killer bees (D:8)
  A howler monkey (D:7)
  A crimson imp (D:8)
  2 orc priests
  2 orc wizards
  A worker ant (D:9)
  A howler monkey zombie (D:7)
  A gnoll (D:7)
  14 orcs
  A fungus (Lair:6)
  5 plants
251 creatures vanquished.

Vanquished Creatures (others)
  An orb spider (Spider:3)
  An orc wizard (D:5)
  29 battlemagi
  2 ancestors
  4 briar patches
  8 fungi
  24 plants
  10 toadstools (Swamp:1)
79 creatures vanquished.

Grand Total: 1078 creatures vanquished

Notes
Turn   | Place    | Note
-------+----------+-------------------------------------------
     0 | D:1      | Elpenore the Gargoyle Fighter began the quest for the Orb.
     0 | D:1      | Reached XP level 1. HP: 14/14 MP: 1/1
   188 | D:1      | Reached XP level 2. HP: 19/19 MP: 2/2
   411 | D:1      | Reached XP level 3. HP: 22/23 MP: 3/3
   832 | D:2      | Found a snail-covered altar of Cheibriados.
  1212 | D:3      | Reached XP level 4. HP: 29/29 MP: 4/4
  1217 | D:3      | Noticed Ijyb
  1225 | D:3      | Killed Ijyb
  1225 | D:3      | Reached skill level 4 in Fighting
  1225 | D:3      | Reached skill level 4 in Armour
  1225 | D:3      | Reached skill level 4 in Shields
  1896 | D:4      | Reached skill level 3 in Maces & Flails
  1896 | D:4      | Reached XP level 5. HP: 31/33 MP: 5/5
  2316 | D:4      | Reached XP level 6. HP: 20/39 MP: 6/6
  2534 | D:4      | Found a runed translucent door.
  2711 | D:4      | Found Ingioc's General Store.
  2831 | D:4      | Noticed Descartes's ghost (amateur VSWr)
  2868 | D:4      | Killed Descartes's ghost
  2868 | D:4      | Reached skill level 4 in Maces & Flails
  2868 | D:4      | Reached XP level 7. HP: 33/44 MP: 7/7
  2901 | D:4      | Reached skill level 5 in Armour
  2908 | D:4      | Reached skill level 5 in Fighting
  3037 | D:5      | Entered Level 5 of the Dungeon
  3059 | D:5      | Reached skill level 5 in Shields
  3146 | D:5      | Reached skill level 5 in Maces & Flails
  3592 | D:5      | Found a shadowy altar of Dithmenos.
  3808 | D:5      | Noticed Prince Ribbit
  4156 | D:5      | Killed Prince Ribbit
  4156 | D:5      | Reached XP level 8. HP: 29/51 MP: 8/8
  4806 | D:6      | Reached skill level 6 in Maces & Flails
  5202 | D:7      | Noticed Pikel
  5401 | D:7      | Reached skill level 6 in Armour
  5413 | D:7      | Reached skill level 6 in Fighting
  5414 | D:7      | Reached skill level 6 in Shields
  5879 | D:7      | Found a staircase to the Ecumenical Temple.
  5889 | Temple   | Entered the Ecumenical Temple
  6123 | Temple   | Became a worshipper of Hepliaklqana the Forgotten
  6306 | D:7      | Killed Pikel
  6306 | D:7      | Reached skill level 7 in Maces & Flails
  6306 | D:7      | Reached XP level 9. HP: 36/50 MP: 9/9
  6905 | D:7      | Found a radiant altar of Vehumet.
  6917 | D:7      | Found an opulent altar of Gozag.
  6919 | D:7      | Found a white marble altar of Elyvilon.
  6922 | D:7      | Found an ornate altar of the Wu Jian Council.
  7236 | D:8      | Reached skill level 7 in Armour
  7255 | D:8      | Found a staircase to the Lair.
  7257 | D:8      | Noticed a komodo dragon
  7313 | D:8      | Reached skill level 7 in Fighting
  7337 | D:8      | Reached skill level 7 in Shields
  7579 | D:8      | Reached skill level 8 in Maces & Flails
  7699 | D:8      | Reached * piety under Hepliaklqana
  8395 | Lair:1   | Entered Level 1 of the Lair of Beasts
  8465 | Lair:1   | Got a twisted quarterstaff
  8471 | Lair:1   | Noticed an eight-headed hydra
  8478 | Lair:1   | Noticed a spiny frog
  8644 | D:9      | Identified the +3 quarterstaff of Haockut {elec, *Noise
                  | Dex+5} (You found it on level 1 of the Lair of Beasts)
  8676 | D:9      | Found an ancient bone altar of Kikubaaqudgha.
  9181 | D:9      | Noticed Erica
  9243 | D:10     | Entered Level 10 of the Dungeon
  9341 | D:10     | Noticed a two-headed ogre
  9351 | D:10     | Killed a two-headed ogre
  9351 | D:10     | Reached skill level 9 in Maces & Flails
  9351 | D:10     | Reached XP level 10. HP: 37/57 MP: 10/10
  9534 | D:10     | Reached skill level 8 in Fighting
  9534 | D:10     | Reached skill level 8 in Armour
  9601 | D:10     | Reached skill level 8 in Shields
  9608 | D:10     | Reached ** piety under Hepliaklqana
  9609 | D:10     | Remembered your ancestor Pacino as a battlemage
  9823 | D:10     | Noticed Sonja
  9850 | D:10     | Killed Sonja
 10499 | D:11     | Noticed a green ugly thing
 10510 | D:11     | Killed a green ugly thing
 10510 | D:11     | Reached skill level 10 in Maces & Flails
 10598 | D:11     | Reached XP level 11. HP: 51/62 MP: 11/11
 10651 | D:11     | Found a staircase to the Orcish Mines.
 10679 | D:11     | Got a sheer robe
 10746 | D:11     | Reached skill level 9 in Fighting
 10746 | D:11     | Reached skill level 9 in Armour
 10795 | D:11     | Reached skill level 9 in Shields
 10801 | D:11     | Noticed a two-headed ogre
 10808 | D:11     | Killed a two-headed ogre
 11084 | D:12     | Found Ocabu's Jewellery Shop.
 11535 | D:12     | Reached skill level 11 in Maces & Flails
 12122 | D:12     | Reached *** piety under Hepliaklqana
 12453 | D:9      | Noticed Grum
 12492 | D:9      | Killed Grum
 12799 | D:9      | Killed Erica
 13198 | D:8      | Killed an eight-headed hydra
 13198 | D:8      | Reached skill level 10 in Fighting
 13198 | D:8      | Reached skill level 10 in Armour
 13198 | D:8      | Reached skill level 10 in Shields
 13198 | D:8      | Reached XP level 12. HP: 69/69 MP: 12/12
 13227 | Lair:1   | Reached skill level 12 in Maces & Flails
 13443 | Lair:1   | Reached skill level 1 in Invocations
 13494 | Lair:1   | Reached skill level 1 in Evocations
 13498 | Lair:1   | Reached skill level 1 in Dodging
 13499 | Lair:1   | Noticed a seven-headed hydra
 13560 | Lair:1   | Killed a seven-headed hydra
 13560 | Lair:1   | Reached skill level 2 in Invocations
 13969 | Lair:2   | Identified the +2 robe "Poxzass" {-Cast +Inv rCorr Slay+2}
                  | (You found it on level 11 of the Dungeon)
 13990 | Lair:2   | Found a dark tunnel.
 14009 | Volcano  | Entered a volcano
 14039 | Volcano  | Reached skill level 2 in Evocations
 14075 | Volcano  | Noticed a sun demon
 14103 | Volcano  | HP: 5/69 [red devil/+0 trident of flaming (6)]
 14107 | Volcano  | Killed a sun demon
 14107 | Volcano  | Reached skill level 2 in Dodging
 14271 | Lair:2   | Reached skill level 3 in Invocations
 14839 | Lair:2   | Got a shadowed robe
 15184 | Lair:3   | Noticed a death yak
 15184 | Lair:3   | Noticed a death yak
 15196 | Lair:3   | Killed a death yak
 15196 | Lair:3   | Reached skill level 3 in Evocations
 15201 | Lair:3   | Killed a death yak
 15201 | Lair:3   | Reached skill level 3 in Dodging
 15201 | Lair:3   | Reached skill level 4 in Invocations
 15203 | Lair:3   | Noticed a death yak
 15203 | Lair:3   | Noticed a death yak
 15204 | Lair:3   | Noticed a death yak
 15229 | Lair:3   | Killed a death yak
 15236 | Lair:3   | Killed a death yak
 15245 | Lair:3   | Killed a death yak
 15388 | Lair:3   | Reached skill level 4 in Evocations
 15424 | Lair:3   | Reached skill level 5 in Invocations
 15469 | Lair:3   | Reached XP level 13. HP: 49/73 MP: 16/16
 15484 | Lair:3   | Reached skill level 4 in Dodging
 15504 | Lair:3   | Reached skill level 13 in Maces & Flails
 15743 | Lair:3   | Reached **** piety under Hepliaklqana
 16293 | Lair:4   | Reached skill level 5 in Evocations
 16435 | Lair:4   | Identified the Collected Works on Vitriolic Battle Magic
 16449 | Lair:4   | Found a staircase to the Swamp.
 16460 | Lair:4   | Reached skill level 5 in Dodging
 16645 | Lair:4   | Got a slimy hand axe
 16937 | Lair:4   | Found a hole to the Spider Nest.
 16985 | Lair:5   | Found a staircase to the Slime Pits.
 17120 | Lair:5   | Paralysed by a floating eye for 3 turns
 17384 | Lair:5   | Reached skill level 14 in Maces & Flails
 17404 | Lair:5   | You fall through a shaft!
 17404 | Lair:6   | Entered Level 6 of the Lair of Beasts
 17410 | Lair:6   | Reached ***** piety under Hepliaklqana
 18006 | Lair:6   | Gained mutation: Your large and strong wings let you fly
                  | indefinitely. [Gargoyle growth]
 18006 | Lair:6   | Reached XP level 14. HP: 77/79 MP: 17/17
 18085 | Lair:6   | Reached skill level 6 in Dodging
 18236 | Lair:6   | Found a runed translucent door.
 18293 | Lair:6   | Reached skill level 11 in Fighting
 18306 | Lair:6   | Reached skill level 11 in Shields
 18326 | Lair:6   | Reached skill level 11 in Armour
 18803 | Lair:6   | Identified the cursed +0 robe "Tubba" {rPois rC+ Str+4
                  | Stlth-} (You found it on level 2 of the Lair of Beasts)
 18804 | Lair:6   | Identified the +10 hand axe of Eternal Harmony {antimagic,
                  | Str+4} (You found it on level 4 of the Lair of Beasts)
 19632 | Orc:1    | Entered Level 1 of the Orcish Mines
 19942 | Orc:2    | Entered Level 2 of the Orcish Mines
 20218 | Orc:2    | Found Dueh's Antique Weapon Shoppe.
 20228 | Orc:2    | Noticed an orc warlord
 20259 | Orc:2    | Killed an orc warlord
 20259 | Orc:2    | Reached skill level 7 in Dodging
 20469 | Orc:2    | Found Zudyratu's Antique Armour Shop.
 20625 | Orc:2    | Found Tus Toank's General Store.
 20722 | Orc:2    | Paralysed by an orc sorcerer for 5 turns
 20837 | Orc:2    | Reached XP level 15. HP: 86/86 MP: 18/18
 20857 | Orc:2    | Reached skill level 15 in Maces & Flails
 20904 | Orc:2    | Paralysed by an orc sorcerer for 4 turns
 20947 | Orc:2    | Found Qixiy's Jewellery Shop.
 21130 | Orc:2    | Found a staircase to the Elven Halls.
 21322 | Orc:2    | Bought a pair of runed gloves for 225 gold pieces
 21597 | Orc:2    | Bought a scroll of magic mapping for 63 gold pieces
 21597 | Orc:2    | Bought a scroll of identify for 36 gold pieces
 21597 | Orc:2    | Bought a sack of spiders for 360 gold pieces
 21597 | Orc:2    | Bought a scroll of remove curse for 54 gold pieces
 22111 | D:12     | Reached skill level 12 in Fighting
 22113 | D:12     | Reached skill level 12 in Shields
 22173 | D:13     | Reached skill level 12 in Armour
 22180 | D:13     | Found Nauket's Antique Weapon Shoppe.
 22332 | D:13     | Reached ****** piety under Hepliaklqana
 22527 | D:13     | Found a gate to the Vaults.
 24320 | D:15     | Entered Level 15 of the Dungeon
 25190 | D:15     | Reached skill level 8 in Dodging
 25238 | D:15     | Found a staircase to the Depths.
 25954 | Swamp:1  | Entered Level 1 of the Swamp
 26195 | Swamp:1  | Noticed a thorn hunter
 26248 | Swamp:1  | Killed a thorn hunter
 26482 | Swamp:1  | Reached skill level 13 in Fighting
 26482 | Swamp:1  | Reached skill level 13 in Shields
 26622 | Swamp:1  | Reached skill level 13 in Armour
 27037 | Swamp:1  | Upgraded the game from 0.23.1 to 0.23.1-37-gaa34b87b72
 27171 | Swamp:2  | Noticed a thorn hunter
 27188 | Swamp:2  | Killed a thorn hunter
 27188 | Swamp:2  | Reached XP level 16. HP: 39/93 MP: 19/19
 27698 | Swamp:2  | Noticed a tentacled monstrosity
 27727 | Swamp:2  | Killed a tentacled monstrosity
 28098 | Swamp:3  | Found a frozen archway.
 28107 | IceCv    | Entered an ice cave
 28478 | IceCv    | Noticed an Ice Fiend
 28479 | IceCv    | Found the +27 Lear's hauberk
 28485 | IceCv    | Killed an Ice Fiend
 28496 | IceCv    | Got a warped leather armour
 28499 | IceCv    | Got a smoking shortbow
 28637 | IceCv    | Identified the cursed +1 leather armour of Somewhere Else
                  | {rF- Str+3 Int+9} (You found it in an ice cave)
 28767 | Swamp:3  | Noticed a thorn hunter
 28786 | Swamp:3  | Killed a thorn hunter
 28786 | Swamp:3  | Reached skill level 14 in Fighting
 28932 | Swamp:3  | Reached skill level 14 in Shields
 28938 | Swamp:3  | Reached skill level 14 in Armour
 28942 | Swamp:3  | Noticed a thorn hunter
 28951 | Swamp:3  | Killed a thorn hunter
 29429 | Swamp:4  | Entered Level 4 of the Swamp
 29610 | Swamp:4  | Noticed a thorn hunter
 29621 | Swamp:3  | Reached skill level 6 in Evocations
 30060 | Swamp:4  | Reached XP level 17. HP: 100/100 MP: 21/21
 30481 | Swamp:4  | Got a decaying rune of Zot
 30601 | Swamp:4  | Identified the +7 shortbow "Ynteing" {flame, rElec rC+ MR+}
                  | (You found it in an ice cave)
 31010 | Spider:1 | Entered Level 1 of the Spider Nest
 31188 | Spider:1 | Got an ichor-stained spear
 31189 | Spider:1 | Identified the +3 spear of the Silent Majority {flame, rF+
                  | rN+} (You found it on level 1 of the Spider Nest)
 31302 | Spider:1 | Reached skill level 7 in Evocations
 31687 | Spider:1 | Noticed Frances
 31698 | Spider:1 | Killed Frances
 31765 | Spider:1 | Reached skill level 15 in Fighting
 31765 | Spider:1 | Reached skill level 15 in Armour
 31765 | Spider:1 | Reached skill level 15 in Shields
 31889 | Spider:1 | You are sucked into a shaft!
 32482 | Spider:2 | Noticed Louise
 32513 | Spider:2 | Killed Louise
 32657 | Spider:2 | Noticed Jorgrun
 32665 | Spider:2 | Noticed Arachne
 32873 | Spider:3 | Reached skill level 8 in Evocations
 32920 | Spider:3 | Reached skill level 1 in Throwing
 33171 | Spider:3 | Got a fine ring mail
 33172 | Spider:3 | Identified the +1 ring mail "Fefrevot" {rElec rN+ Slay-3}
                  | (You found it on level 3 of the Spider Nest)
 33335 | Spider:3 | Reached skill level 2 in Throwing
 33408 | Spider:4 | Entered Level 4 of the Spider Nest
 33640 | Spider:4 | Reached XP level 18. HP: 108/108 MP: 24/24
 33820 | Spider:4 | Reached skill level 3 in Throwing
 34239 | Spider:4 | Reached skill level 9 in Evocations
 34494 | Spider:3 | Reached skill level 4 in Throwing
 34500 | Spider:3 | Reached skill level 16 in Fighting
 34825 | Spider:4 | Got a gossamer rune of Zot
 35146 | Slime:1  | Entered Level 1 of the Pits of Slime
 35153 | Slime:1  | Gained mutation: You are resistant to hostile enchantments.
                  | (MR+) [a shining eye]
 35255 | Slime:1  | Gained mutation: Scrolls take you a little longer to read.
                  | [a shining eye]
 35522 | Slime:2  | Reached skill level 16 in Shields
 35591 | Slime:2  | Gained mutation: You are weak. (Str -2) [a shining eye]
 35724 | Slime:2  | Reached skill level 5 in Throwing
 35890 | Slime:1  | Gained mutation: You are frail. (-10% HP) [a shining eye]
 36570 | Slime:2  | Gained mutation: You are very frail. (-20% HP) [a shining
                  | eye]
 36608 | Slime:3  | Gained mutation: You are partially covered in rugged brown
                  | scales. (AC +1, +3% HP) [a shining eye]
 36793 | Slime:4  | Reached skill level 10 in Evocations
 37026 | Slime:4  | Reached skill level 6 in Throwing
 37336 | Slime:4  | Reached XP level 19. HP: 92/92 MP: 26/26
 37409 | Slime:4  | Gained mutation: You have large cloven feet. [a shining
                  | eye]
 37410 | Slime:4  | Lost mutation: You are very frail. (-20% HP) [a shining
                  | eye]
 37492 | Slime:5  | Entered Level 5 of the Pits of Slime
 37537 | Slime:4  | Demolished by a titanic slime creature

Skill      XL: |  1  2  3  4  5  6  7  8  9 10 11 12 13 14 15 16 17 18 |
---------------+-------------------------------------------------------+-----
Fighting       | 4 5 6 7 8 10 11 13 14 15 16 | 16.8
Armour         | 4 5 6 7 8 10 11 13 14 15 | 15.0
Shields        | 4 5 6 7 8 10 11 13 14 15 16 | 16.6
Maces & Flails | 3 4 5 7 9 10 11 12 14 15 | 15.0
Invocations    | 5 |  5.0
Evocations     | 4 5 6 8 10 | 10.0
Dodging        | 3 5 7 8 |  8.0
Throwing       | 2 6 |  6.5

Action                   |  1- 3 |  4- 6 |  7- 9 | 10-12 | 13-15 | 16-18 | 19-21 || total
-------------------------+-------+-------+-------+-------+-------+-------+-------++-------
Melee: Flail             |   106 |       |       |       |       |       |       ||   106
       Mace              |     8 |   126 |   319 |       |       |       |       ||   453
       Whip              |       |       |   203 |   482 |  1217 |  1588 |    39 ||  3529
       Kick              |       |       |       |       |       |       |    19 ||    19
Throw: Javelin           |       |       |       |       |     1 |     3 |     1 ||     5
Invok: Ancestor Identity |       |       |     1 |       |       |       |       ||     1
       Recall Ancestor   |       |       |     2 |       |     3 |     5 |       ||    10
       Ancestor Life: Ba |       |       |       |     1 |       |       |       ||     1
 Abil: Fly               |       |       |       |       |     1 |       |       ||     1
Evoke: Wand              |       |     1 |     5 |     8 |     4 |    13 |     1 ||    32
       Phial of floods   |       |       |       |       |       |     2 |       ||     2
       Lightning rod     |       |       |       |       |       |     1 |       ||     1
       Fan of gales      |       |       |       |       |       |       |     1 ||     1
  Use: Scroll            |       |       |    19 |     4 |    10 |    10 |       ||    43
       Potion            |       |       |       |     5 |     3 |     4 |     1 ||    13
 Stab: Distracted        |       |       |     2 |     5 |    11 |    20 |     1 ||    39
       Petrified         |       |       |       |       |     5 |       |       ||     5
       Confused          |       |       |       |       |       |     1 |       ||     1
  Eat: Chunk             |     1 |     2 |     7 |    17 |    30 |    12 |       ||    69
       Ration            |       |     1 |     4 |     1 |     2 |     6 |     1 ||    15
Armor: Scale mail        |    57 |       |       |       |       |       |       ||    57
       Chain mail        |     2 |    64 |   263 |   161 |   190 |   898 |    15 ||  1593
       Robe              |       |       |       |     5 |       |       |       ||     5
       Plate armour      |       |       |       |       |   174 |    78 |       ||   252
Dodge: Dodged            |    31 |    24 |    93 |    74 |   264 |   444 |     7 ||   937
Block: Shield            |    75 |    69 |   258 |   175 |   507 |   387 |       ||  1471
       Large shield      |       |       |       |       |       |   729 |    32 ||   761
